cohdb
Replays
Latest Replays
All Replays
Popular Replays
Top Player Replays
Match Explorer
How It Works
Community
CoH3 Stats
Reddit
Sign in to upload your games and track your stats! →
Sign in with Steam
Match 28335727
Unlisted
Match 28335727
Overview
Messages
Build Orders
End
Construct Barracks
Engineer Squad
Selects Armored Battlegroup
Selects Veteran Crews
1⁄4-ton 4x4 Truck
Riflemen Squad
Riflemen Squad
Infantry Support Center
Grenade Package
Construct Motor Pool
M8 Greyhound Armored Car
Selects Field Repairs
M8 Greyhound Armored Car
M1918 Browning Automatic Rifles
Engineer Squad
Riflemen Squad
Construct Medical Station
Construct Tank Depot
Selects War Machine
Selects Strength in Steel
M4(105) Sherman Bulldozer
Engineer Squad
Selects Seek and Destroy
Selects UNKNOWN (2160077)
M4A3E8 Sherman Easy Eight
Engineer Squad
M4A3E8 Sherman Easy Eight
^3
Lelano
0
0
Comments
sign in to comment!
No comments posted yet!